 Dungeon Crawl Stone Soup version 0.22.1-1-ga44c0e5 (webtiles) character file.

295358 schauveau the Halfling Catapult (level 22, -14/156 HPs)
             Began as a Halfling Hunter on Oct 1, 2018.
             Was the Champion of Dithmenos.
             Killed by a malign offering
             ... invoked by a deep elf high priest
              (22 damage)
             ... on level 3 of the Elven Halls on Oct 7, 2018.
             The game lasted 03:16:50 (48850 turns).

schauveau the Halfling Catapult (Halfling Hunter)  Turns: 48850, Time: 03:16:50

Health: -14/156    AC: 14    Str: 17    XL:     22   Next: 19%
Magic:  28/28      EV: 38    Int:  9    God:    Dithmenos [******]
Gold:   958        SH: 10    Dex: 25    Spells: 21/21 levels left

rFire    . . .     SeeInvis .   a - +9 hunting sling (elec)
rCold    + . .     Gourm    .   S - +2 buckler {reflect}
rNeg     . . .     Faith    .   R - +2 troll leather armour
rPois    .         Spirit   .   y - +2 helmet
rElec    +         Reflect  +   W - scarf {repulsion}
rCorr    +         Harm     .   T - +0 pair of gloves "Renuilul" {+Blink rElec Regen+ Str-2}
MR       +....     Clarity  +   D - +1 pair of boots of the Several Dreams {rC+ rCorr Str+4}
Stlth    ++++++++++             K - amulet of the acrobat
HPRegen  1.16/turn              j - +2 ring of evasion
MPRegen  0.21/turn              t - +2 ring of strength

@: wreathed by umbra, studying Staves, repel missiles
A: small, clarity, mutation resistance 1
}: 1/15 runes: serpentine
a: Shadow Step, Shadow Form, Renounce Religion, Evoke Blink


You were on level 3 of the Elven Halls.
You worshipped Dithmenos.
Dithmenos was exalted by your worship.
You were not hungry.

You visited 7 branches of the dungeon, and saw 34 of its levels.
You visited the Abyss 1 time.
You visited 2 bazaars.
You also visited: Bailey, Volcano, Wizlab and Desolation.

You collected 3606 gold pieces.
You spent 2648 gold pieces at shops.

Inventory:

Hand Weapons
 a - a +9 hunting sling of electrocution (weapon)
 b - a +1 dagger of venom
 r - a +0 scimitar of flaming
Missiles
 d - 66 sling bullets (quivered)
 e - 289 stones
 x - 11 tomahawks of returning
 A - 51 tomahawks
Armour
 u - a +2 pair of boots of running
 y - a +2 helmet (worn)
 D - the +1 pair of boots of the Several Dreams (worn) {rC+ rCorr Str+4}
   (You bought it in a shop on level 2 of the Orcish Mines)

   It affects your strength (+4).
   It protects you from cold.
   It provides partial protection from all sources of acid and corrosion.
 O - the +0 scale mail of Rodudisi {rPois rF++ rN+}
   (You found it on level 14 of the Dungeon)

   It greatly protects you from fire.
   It protects you from poison.
   It protects you from negative energy.
 R - a +2 troll leather armour (worn)
 S - a +2 buckler of reflection (worn)
 T - the +0 pair of gloves "Renuilul" (worn) {+Blink rElec Regen+ Str-2}
   (You bought it in a shop on level 2 of the Orcish Mines)

   It affects your strength (-2).
   It insulates you from electricity.
   It lets you blink.
   It increases your rate of regeneration.
 W - a scarf of repulsion (worn)
Jewellery
 i - an uncursed ring of protection from cold
 j - a +2 ring of evasion (left hand)
 n - an uncursed ring of positive energy
 t - a +2 ring of strength (right hand)
 w - a +4 ring of intelligence
 E - the ring "Conoarr" {+Fly Int+4}
   (You found it on level 2 of the Vaults)

   [ring of flight]

   It affects your intelligence (+4).
   It lets you fly.
 H - an uncursed ring of resist corrosion
 K - an amulet of the acrobat (around neck)
 N - a +5 amulet of reflection
 Y - the ring of Alyhat {*Tele rPois rF+}
   (You found it on level 3 of the Elven Halls)

   [ring of teleportation]

   It may teleport you next to monsters.
   It protects you from fire.
   It protects you from poison.
Wands
 g - a wand of iceblast (50)
 z - a wand of digging (9)
 C - a wand of clouds (4)
 Q - a wand of paralysis (15)
 X - a wand of disintegration (45)
Scrolls
 p - 2 scrolls of fear
 s - 16 scrolls of remove curse
 L - 6 scrolls of fog
 M - a scroll of summoning
 P - 4 scrolls of silence
 U - 4 scrolls of blinking
Potions
 h - 8 potions of curing
 k - 3 potions of might
 l - 4 potions of flight
 m - a potion of cancellation
 o - 4 potions of haste
 q - 2 potions of resistance
 v - 2 potions of ambrosia
 B - a potion of brilliance
 G - a potion of magic {unknown}
 I - 3 potions of invisibility
 J - a potion of mutation
 V - 2 potions of berserk rage
Books
 F - a manual of Staves
Comestibles
 f - 36 rations


   Skills:
 + Level 14.8 Fighting
 - Level 1.7 Short Blades
 O Level 27 Slings
 - Level 8.1 Armour
 + Level 21.2 Dodging
 - Level 13.4 Stealth
 - Level 5.7 Shields
 + Level 8.8 Evocations


You had 21 spell levels left.
You didn't know any spells.
Your spell library contained the following spells:

 Spells                   Type           Power        Failure   Level  Hunger
 Animate Skeleton         Necr           N/A          43%         1    ##.....
 Apportation              Tloc           #.....       43%         1    ##.....
 Confusing Touch          Hex            #.....       43%         1    ##.....
 Corona                   Hex            #......      43%         1    ##.....
 Infusion                 Chrm           #...         43%         1    ##.....
 Magic Dart               Conj           #...         43%         1    ##.....
 Pain                     Necr           #...         43%         1    ##.....
 Sandblast                Erth           #.....       43%         1    ##.....
 Summon Butterflies       Summ           #.......     43%         1    ##.....
 Corpse Rot               Necr           N/A          56%         2    ###....
 Ensorcelled Hibernation  Hex/Ice        #.....       56%         2    ###....
 Passwall                 Tmut/Erth      #.......     56%         2    ###....
 Poisonous Vapours        Pois/Air       #.....       56%         2    ###....
 Searing Ray              Conj           #.....       56%         2    ###....
 Shroud of Golubria       Chrm/Tloc      #.........   56%         2    ###....
 Slow                     Hex            #.......     56%         2    ###....
 Song of Slaying          Chrm           #.......     56%         2    ###....
 Throw Flame              Conj/Fire      #.....       56%         2    ###....
 Confuse                  Hex            #.......     80%         3    ####...
 Conjure Flame            Conj/Fire      #.......     80%         3    ####...
 Dazzling Spray           Conj/Hex       #.....       80%         3    ####...
 Gell's Gravitas          Tloc           #.........   80%         3    ####...
 Ignite Poison            Fire/Tmut/Pois #.......     80%         3    ####...
 Inner Flame              Hex/Fire       #.......     80%         3    ####...
 Lesser Beckoning         Tloc           #.........   80%         3    ####...
 Mephitic Cloud           Conj/Pois/Air  #.......     80%         3    ####...
 Portal Projectile        Hex/Tloc       #.....       80%         3    ####...
 Regeneration             Chrm/Necr      #.........   80%         3    ####...
 Spectral Weapon          Hex/Chrm       #.......     80%         3    ####...
 Stone Arrow              Conj/Erth      #.....       80%         3    ####...
 Tukima's Dance           Hex            #.......     80%         3    ####...
 Vampiric Draining        Necr           #.........   80%         3    ####...
 Animate Dead             Necr           N/A          99%         4    #####..
 Cause Fear               Hex            #.........   99%         4    #####..
 Force Lance              Conj/Tloc      #.......     99%         4    #####..
 Fulminant Prism          Conj/Hex       #.........   99%         4    #####..
 Iskenderun's Mystic Bla  Conj           #.......     99%         4    #####..
 Leda's Liquefaction      Hex/Erth       #.........   99%         4    #####..
 Petrify                  Tmut/Erth      #.......     99%         4    #####..
 Alistair's Intoxication  Tmut/Pois      #.......     100%        5    ######.
 Bolt of Magma            Conj/Fire/Erth #.........   100%        5    ######.
 Borgnjor's Vile Clutch   Necr/Erth      #.........   100%        5    ######.
 Fireball                 Conj/Fire      #.........   100%        5    ######.
 Lee's Rapid Deconstruct  Erth           #.........   100%        5    ######.
 Metabolic Englaciation   Hex/Ice        #.........   100%        5    ######.
 Silence                  Hex/Air        #.........   100%        5    ######.
 Summon Forest            Summ/Tloc      #.........   100%        5    ######.
 Yara's Violent Unravell  Hex/Tmut       #.........   100%        5    ######.
 Bolt of Fire             Conj/Fire      #.........   100%        6    #######
 Darkness                 Hex            #.........   100%        6    #######
 Freezing Cloud           Conj/Ice/Air   #.........   100%        6    #######
 Hydra Form               Tmut           #.........   100%        6    #######
 Invisibility             Hex            #.......     100%        6    #######
 Iron Shot                Conj/Erth      #.........   100%        6    #######
 Shadow Creatures         Summ           N/A          100%        6    #######
 Statue Form              Tmut/Erth      #........    100%        6    #######
 Ring of Flames           Chrm/Fire      #.........   100%        7    #######
 Summon Hydra             Summ           #.........   100%        7    #######
 Ignition                 Fire           #.........   100%        8    #######
 Shatter                  Erth           #.........   100%        9    #######


Dungeon Overview and Level Annotations

Branches:
Dungeon (14/15)            Temple (1/1) D:4            Lair (6/6) D:10
  Swamp (0/4) Lair:3        Snake (4/4) Lair:4        Slime (0/5) Lair:6
    Orc (2/2) D:10            Elf (3/3) Orc:2        Vaults (4/5) D:14
  Crypt (0/3) Vaults:3

Altars:
Ashenzari
Cheibriados
Dithmenos
Elyvilon
Fedhas
Gozag
Hepliaklqana
Kikubaaqudgha
Makhleb
Nemelex Xobeh
Okawaru
Qazlal
Ru
Sif Muna
Trog
Uskayaw
Vehumet
Wu Jian
Xom
Yredelemnul
Zin
The Shining One
Beogh

Shops:
D:10 ![?   Orc:2 [(?[   Snake:4 (

Annotations:
D:11 1 runed door


Innate Abilities, Weirdness & Mutations

You are small and have problems with some larger weapons.
You are somewhat resistant to further mutation.
You possess an exceptional clarity of mind.


Message History

Press: ? - help, Shift-Dir - straight line, f/p - ghostly deep elf blademaster
Aim: a ghostly deep elf blademaster, wielding two rapiers, wearing a leather You shoot a sling bullet.
The sling bullet hits the ghostly deep elf blademaster!
Lightning courses through the ghostly deep elf blademaster!
You destroy the ghostly deep elf blademaster!
Dithmenos accepts your kill.
Your shadow shoots a sling bullet.
The deep elf high priest utters a dark prayer and points at you.
Your life force is offered up.
* * * LOW HITPOINT WARNING * * *
You emit a cloud of dark smoke.
The deep elf high priest is healed.
Firing (i - inventory. (/) - cycle)
d - 67 sling bullets (quivered)
Press: ? - help, Shift-Dir - straight line, f - deep elf high priest
Aim: a deep elf high priest, wielding a long sword and wearing a leather armour You shoot a sling bullet.
The sling bullet completely misses the deep elf high priest.
The deep elf high priest utters a dark prayer and points at you.
Your life force is offered up.
You die...

## ######### .#
####.......####
.####.............###***
.##...........§§....##,#
.#............§..§...#(#
.).).......⌠...§§§§..'.#
)#.............§§e§§(#,*
)##......[....§§@§§§#*,*
[###.######(######§##,,*
)# #.#,,,≈≈.≈≈,,,**#,,,*
.###..,..≈≈.≈≈..,,,,,,,*
..(###...≈≈.≈≈e..#****,*
...# #$(.≈≈.≈≈...#****,*
.).# ######.######*,,,,*
##[########.#*********,*
||=.|)...#*,**,,,,,,,,,*


You could see a deep elf high priest.

Vanquished Creatures
  Saint Roka (Vaults:4)
  The ghost of Aluorghie the Impregnable, an adept MiFi of the Shining One (Vaults:1)
  A deep elf master archer (Elf:3)
  2 deep elf blademasters (Elf:3)
  2 sphinxes
  A shadow dragon (Vaults:4)
  Agnes (D:14)
  Roxanne (Snake:4)
  3 fire giants
  3 deep elf sorcerers
  6 nagarajas
  2 frost giants (Vaults:4)
  2 orc warlords
  An imperial myrmidon (Desolation)
  12 vault wardens
  A ghoul (Vaults:4)
  4 stone giants
  14 ironheart preservers
  5 deep elf demonologists (Elf:3)
  A large abomination (Vaults:1)
  2 deep elf annihilators
  A blizzard demon (WizLab)
  5 deep elf death magi (Elf:3)
  Josephine (Lair:4)
  A crystal guardian (Vaults:2)
  A fire dragon (Vaults:4)
  Harold (D:8)
  A deep elf high priest (Elf:3)
  5 ice dragons
  7 yaktaur captains
  3 great orbs of eyes
  5 vault guards
  13 naga warriors
  4 hydras
  25 two-headed ogres
  2 centaur warriors
  A merfolk avatar (Lair:6)
  5 dancing weapons
  19 anacondas
  A death knight (Vaults:4)
  9 death yaks
  9 ogre magi
  6 orc high priests
  4 shock serpents
  2 deep troll earth magi
  15 naga sharpshooters
  Sonja (Orc:2)
  A wretched star (Abyss:4)
  8 deep elf knights
  A shadow wraith (Vaults:1)
  An unseen horror (Vaults:1)
  13 skeletal warriors
  6 salamander mystics (Snake:4)
  A storm dragon skeleton (Vaults:3)
  A wizard (Vaults:1)
  3 sea snakes (Lair:6)
  11 deep trolls
  10 naga ritualists
  2 tengu zombies (Vaults:3)
  10 ironbrand convokers
  10 deep elf archers
  An orb spider (shapeshifter) (Vaults:1)
  A lindwurm (Lair:6)
  A shadow dragon zombie (Vaults:3)
  15 orc knights
  6 harpies
  An oklob plant (Lair:4)
  A shadow dragon skeleton (Vaults:3)
  A mana viper (shapeshifter) (Vaults:3)
  2 wolf spiders (Vaults:4)
  30 deep elf magi
  3 orc sorcerers
  4 necromancers
  6 cyclopes
  18 mana vipers
  A tengu skeleton (Vaults:4)
  29 ugly things
  A frost giant zombie (Vaults:3)
  7 salamanders
  4 guardian serpents
  A black mamba (shapeshifter) (Vaults:4)
  2 frost giant skeletons (Vaults:3)
  6 elephants (Lair:6)
  42 black mambas
  3 centaur skeletons
  A fire giant skeleton (Vaults:3)
  2 gargoyles
  2 torpor snails
  7 vault sentinels
  9 naga magi
  12 spiny frogs
  A yaktaur zombie (Vaults:4)
  An efreet (D:14)
  25 yaktaurs
  5 freezing wraiths
  15 komodo dragons
  A komodo dragon (shapeshifter) (D:13)
  3 rime drakes
  An ancient zyme (Abyss:4)
  A queen bee (D:10)
  2 yaktaur skeletons (Vaults:3)
  2 tengu conjurers (D:14)
  5 hornets
  8 trolls
  6 polar bears
  2 bog bodies (Lair:3)
  4 saltlings (Desolation)
  20 slime creatures
  9 blink frogs
  An ettin zombie (Vaults:4)
  10 hippogriffs
  An ettin skeleton (Vaults:3)
  A spriggan (D:9)
  6 wyverns
  9 wraiths
  An air elemental (WizLab)
  A spriggan (shapeshifter) (Vaults:4)
  A small abomination (Elf:3)
  2 shadows
  3 basilisks
  A hog (Snake:4)
  49 yaks
  A basilisk (shapeshifter) (Vaults:2)
  A yaktaur simulacrum (Vaults:1)
  4 vampire mosquitoes (D:13)
  2 hungry ghosts
  A steam dragon (D:11)
  10 wargs
  2 deep troll zombies (Vaults:3)
  A swamp worm (Lair:3)
  2 acid dragons
  63 nagas
  20 water moccasins
  6 porcupines
  44 orc warriors
  2 black bears
  3 phantoms
  An eye of draining (shapeshifter) (D:13)
  A hornet zombie (D:13)
  2 necrophages
  3 sky beasts
  An eye of draining (D:13)
  8 wolves
  30 ogres
  9 centaurs
  10 crocodiles
  2 elf skeletons
  Blork the orc (D:6)
  A big kobold (D:7)
  An earth elemental (Elf:3)
  A gnoll sergeant (D:10)
  14 bullfrogs
  4 human skeletons (Vaults:3)
  A wyvern skeleton (D:10)
  6 scorpions
  21 killer bees
  16 wights
  4 howler monkeys
  An electric eel (Lair:3)
  3 centaur zombies
  8 crimson imps
  2 bullfrog zombies
  A quasit (D:10)
  A human simulacrum (Vaults:3)
  4 hounds
  3 bullfrog skeletons
  29 orc priests
  5 jellies
  10 worker ants
  3 iguanas
  31 orc wizards
  A killer bee zombie (D:10)
  2 hound skeletons
  A hound zombie (D:10)
  2 worker ant zombies
  8 gnolls
  8 adders
  6 shadow imps
  2 adder skeletons
  3 worms
  4 dart slugs
  6 leopard geckos
  146 orcs
  2 ball pythons
  7 bats
  5 giant cockroaches
  13 goblins
  8 hobgoblins
  7 jackals
  7 quokkas
  A giant cockroach zombie (D:6)
  2 jackal skeletons (D:5)
  A jackal zombie (D:8)
  13 kobolds
  A leopard gecko skeleton (D:5)
  A quokka skeleton (D:7)
  8 rats
  A fungus (D:3)
  A plant (Lair:2)
1374 creatures vanquished.

Vanquished Creatures (others)
  Asterion (Snake:4)
  Kirke (Snake:3)
  A deep elf death mage (Vaults:1)
  A deep elf archer (Vaults:1)
  An orc knight (Vaults:1)
  A cyclops (Vaults:1)
  A black mamba (Snake:4)
  2 yaktaurs
  A human (Snake:4)
  A naga (Snake:4)
  2 orc warriors (Vaults:1)
  An iguana (D:5)
  3 worker ants (D:5)
  3 orcs (Vaults:1)
  A quokka (D:5)
  2 bushes (Lair:6)
  15 fungi
  18 plants
56 creatures vanquished.

Grand Total: 1430 creatures vanquished

Notes
Turn   | Place    | Note
-------+----------+-------------------------------------------
     0 | D:1      | schauveau the Halfling Hunter began the quest for the Orb.
     0 | D:1      | Reached XP level 1. HP: 14/14 MP: 1/1
    39 | D:1      | Reached skill level 6 in Slings
   167 | D:1      | Reached XP level 2. HP: 10/19 MP: 2/2
   486 | D:2      | Found a snail-covered altar of Cheibriados.
   553 | D:2      | Reached XP level 3. HP: 21/24 MP: 3/3
   805 | D:3      | Reached skill level 7 in Slings
   814 | D:3      | Reached XP level 4. HP: 26/29 MP: 4/4
  1118 | D:3      | Reached skill level 1 in Short Blades
  1118 | D:3      | Reached skill level 1 in Armour
  1118 | D:3      | Noticed an ogre
  1512 | D:2      | Reached XP level 5. HP: 29/34 MP: 5/5
  2005 | D:4      | Found a sacrificial altar of Ru.
  2067 | D:5      | Entered Level 5 of the Dungeon
  2280 | D:4      | Reached XP level 6. HP: 30/41 MP: 6/6
  2368 | D:4      | Found a staircase to the Ecumenical Temple.
  2377 | Temple   | Entered the Ecumenical Temple
  2479 | Temple   | Became a worshipper of Dithmenos the Shadowed
  2867 | D:3      | Killed an ogre
  2867 | D:3      | Reached skill level 8 in Slings
  3042 | D:3      | Found a white marble altar of Elyvilon.
  3427 | D:4      | Reached XP level 7. HP: 32/45 MP: 7/7
  3513 | D:4      | Found a burning altar of Makhleb.
  3952 | D:4      | Reached skill level 9 in Slings
  4424 | D:5      | Found a glowing silver altar of Zin.
  4545 | D:5      | Found a shimmering altar of Xom.
  4619 | D:5      | Found an ornate altar of the Wu Jian Council.
  4685 | D:5      | Reached XP level 8. HP: 52/52 MP: 8/8
  4912 | D:6      | Reached * piety under Dithmenos
  5311 | D:6      | Reached skill level 10 in Slings
  5425 | D:6      | Found a glowing golden altar of the Shining One.
  5592 | D:7      | Found a flagged portal.
  5617 | Bailey   | Entered a bailey
  5624 | Bailey   | Noticed an orc warlord
  5625 | Bailey   | Found the macabre finger necklace {rN+}
  5765 | Bailey   | Noticed an orc knight
  5926 | D:6      | Found a shadowy altar of Dithmenos.
  5933 | D:6      | Noticed Blork the orc
  6057 | D:8      | Reached skill level 5 in Stealth
  6066 | D:8      | Reached ** piety under Dithmenos
  6119 | D:8      | Noticed Harold
  6131 | D:8      | Noticed a dagger
  6156 | D:7      | Reached skill level 5 in Dodging
  6173 | D:7      | Reached skill level 11 in Slings
  6173 | D:7      | Reached XP level 9. HP: 23/59 MP: 9/9
  6852 | D:6      | Killed Blork the orc
  7208 | D:6      | Found a burning altar of Makhleb.
  7208 | D:6      | Noticed an Executioner
  7474 | D:7      | Found a hazy altar of Hepliaklqana.
  7690 | D:7      | Reached skill level 12 in Slings
  7796 | D:7      | Reached *** piety under Dithmenos
  7796 | D:7      | Reached skill level 5 in Fighting
  8089 | D:8      | Found a hide-covered altar of Uskayaw.
  8090 | D:8      | Noticed a dagger
  8370 | D:8      | Reached XP level 10. HP: 66/66 MP: 10/10
  8392 | D:9      | Found a sparkling altar of Nemelex Xobeh.
  8680 | D:8      | Killed Harold
  8680 | D:8      | Reached skill level 13 in Slings
  9514 | D:9      | Noticed a two-headed ogre
  9555 | D:9      | Killed a two-headed ogre
  9555 | D:9      | Reached skill level 14 in Slings
  9938 | D:9      | Reached XP level 11. HP: 61/74 MP: 11/11
 10218 | D:9      | Reached **** piety under Dithmenos
 10482 | D:9      | Reached skill level 15 in Slings
 10529 | D:9      | Found a stormy altar of Qazlal.
 10529 | D:9      | Found a basalt altar of Yredelemnul.
 10816 | D:10     | Entered Level 10 of the Dungeon
 10818 | D:10     | Found Remyn's Armour Boutique.
 10977 | D:10     | Found a staircase to the Lair.
 11027 | D:11     | Noticed a cyclops
 11652 | D:10     | Found Guniteuts's Magic Scroll Shoppe.
 11660 | D:10     | Bought 2 scrolls of brand weapon for 480 gold pieces
 12025 | D:10     | Found a staircase to the Orcish Mines.
 12580 | D:10     | Found Keukkupt's Distillery.
 12720 | D:11     | Killed a cyclops
 12766 | D:11     | Noticed a cyclops
 12773 | D:11     | Killed a cyclops
 12773 | D:11     | Reached skill level 16 in Slings
 12805 | D:11     | Reached ***** piety under Dithmenos
 12920 | D:11     | Noticed a cyan ugly thing
 13018 | D:11     | Killed a cyan ugly thing
 13254 | D:11     | Reached XP level 12. HP: 76/81 MP: 12/12
 13490 | D:11     | Found a runed door.
 13495 | D:11     | Noticed a sixfirhy
 14145 | D:13     | Reached skill level 10 in Stealth
 14625 | D:12     | Reached skill level 17 in Slings
 14993 | Lair:1   | Entered Level 1 of the Lair of Beasts
 15025 | Lair:1   | Noticed a six-headed hydra
 15034 | Lair:1   | Killed a six-headed hydra
 15964 | Lair:2   | Reached skill level 10 in Dodging
 16286 | Lair:2   | Reached XP level 13. HP: 89/89 MP: 13/13
 16393 | Lair:2   | Noticed an eight-headed hydra
 16396 | Lair:2   | Noticed a five-headed hydra
 16440 | Lair:1   | HP: 3/89 [eight-headed hydra (8)]
 16448 | Lair:1   | Killed an eight-headed hydra
 16448 | Lair:1   | Reached skill level 18 in Slings
 16797 | Lair:2   | Killed a five-headed hydra
 18032 | Lair:3   | Found a dark tunnel.
 18037 | Volcano  | Entered a volcano
 18891 | Lair:3   | Found a staircase to the Swamp.
 19266 | Lair:4   | Reached skill level 19 in Slings
 19438 | Lair:4   | Reached ****** piety under Dithmenos
 19655 | Lair:4   | Noticed Josephine
 19683 | Lair:4   | Noticed an eight-headed hydra
 19694 | Lair:4   | Killed an eight-headed hydra
 20004 | Lair:4   | Killed Josephine
 20446 | Lair:4   | Found a staircase to the Snake Pit.
 20907 | Lair:4   | Reached XP level 14. HP: 97/97 MP: 14/14
 21771 | Lair:5   | Reached skill level 20 in Slings
 21901 | Lair:5   | Reached skill level 10 in Fighting
 22388 | Lair:6   | Entered Level 6 of the Lair of Beasts
 23237 | Lair:6   | Reached skill level 21 in Slings
 23248 | Lair:6   | Reached XP level 15. HP: 76/105 MP: 15/15
 23687 | Lair:6   | Found a staircase to the Slime Pits.
 24448 | Orc:1    | Entered Level 1 of the Orcish Mines
 24726 | Orc:1    | Found a roughly hewn altar of Beogh.
 24849 | Orc:2    | Entered Level 2 of the Orcish Mines
 24975 | Orc:2    | Found a staircase to the Elven Halls.
 24997 | Orc:2    | Found a shimmering altar of Xom.
 25272 | Orc:2    | Noticed Sonja
 25276 | Orc:2    | Killed Sonja
 25350 | Orc:2    | Found a roughly hewn altar of Beogh.
 25521 | Orc:2    | Found a roughly hewn altar of Beogh.
 25704 | Orc:2    | Found a roughly hewn altar of Beogh.
 25746 | Orc:2    | Found Oroa's Antique Armour Boutique.
 25768 | Orc:2    | Bought a pair of faintly humming gloves for 275 gold pieces
 25773 | Orc:2    | Identified the cursed +0 pair of gloves "Renuilul" {+Blink
                  | rElec Regen+ Str-2} (You bought it in a shop on level 2 of
                  | the Orcish Mines)
 25930 | Orc:2    | Found a roughly hewn altar of Beogh.
 25938 | Orc:2    | Found Sizevyi's Magic Scroll Boutique.
 25947 | Orc:2    | Bought a scroll of acquirement for 780 gold pieces
 25961 | Orc:2    | Bought a scroll of enchant armour for 112 gold pieces
 26098 | Orc:2    | Found a roughly hewn altar of Beogh.
 26271 | Orc:1    | Paralysed by an orc sorcerer for 7 turns
 26795 | Orc:2    | Noticed an orc warlord
 27035 | Orc:2    | Killed an orc warlord
 27035 | Orc:2    | Reached skill level 22 in Slings
 27236 | Orc:2    | Found Diwu's Antique Armour Shoppe.
 27238 | Orc:2    | Found a roughly hewn altar of Beogh.
 27242 | Orc:2    | Found Feuhun's Antique Weapon Emporium.
 27990 | Orc:2    | Bought a pair of scorched boots for 342 gold pieces
 28000 | Orc:2    | Identified the +1 pair of boots of the Several Dreams {rC+
                  | rCorr Str+4} (You bought it in a shop on level 2 of the
                  | Orcish Mines)
 28169 | Snake:1  | Entered Level 1 of the Snake Pit
 28496 | Snake:1  | Found a glowing silver altar of Zin.
 28898 | Snake:1  | Reached XP level 16. HP: 112/113 MP: 16/16
 29642 | Snake:2  | Reached skill level 23 in Slings
 29981 | Snake:2  | You fall through a shaft!
 30024 | Snake:3  | Found a basalt altar of Yredelemnul.
 30599 | Snake:3  | Noticed a nagaraja
 30610 | Snake:3  | Killed a nagaraja
 30650 | Snake:3  | Reached skill level 1 in Evocations
 31475 | Snake:4  | Entered Level 4 of the Snake Pit
 31861 | Snake:4  | Noticed Asterion
 32137 | Snake:4  | Reached XP level 17. HP: 119/119 MP: 19/19
 33154 | Snake:3  | Reached skill level 24 in Slings
 33208 | Snake:4  | Reached skill level 5 in Armour
 33339 | Snake:4  | Killed Asterion
 33529 | Snake:4  | Noticed Kirke
 33543 | Snake:4  | Noticed a sphinx
 33547 | Snake:4  | Paralysed by a sphinx for 3 turns
 33555 | Snake:3  | Killed Kirke
 33916 | Snake:4  | Reached skill level 5 in Evocations
 34238 | Snake:4  | Got a serpentine rune of Zot
 34469 | Snake:4  | Found Raus's Antique Weapon Shoppe.
 34628 | Snake:4  | Reached skill level 15 in Dodging
 34705 | Snake:4  | Noticed Roxanne
 34832 | Snake:4  | Reached XP level 18. HP: 90/128 MP: 22/22
 35600 | Snake:4  | Killed Roxanne
 35916 | Snake:1  | You fall through a shaft!
 37032 | D:14     | Noticed Agnes
 37058 | D:14     | Killed Agnes
 37127 | D:14     | Identified the Incunabulum of Combed Thunderclap
 37138 | D:14     | Identified the Tome of Sand
 37534 | D:14     | Found a gate to the Vaults.
 37558 | D:14     | Got an obsidian-encrusted scale mail
 37569 | D:14     | Identified the cursed +0 scale mail of Rodudisi {rPois rF++
                  | rN+} (You found it on level 14 of the Dungeon)
 37587 | Vaults:1 | Entered Level 1 of the Vaults
 37678 | Vaults:1 | Reached skill level 1 in Shields
 37696 | Vaults:1 | Found a flickering gateway to a bazaar.
 37706 | Bazaar   | Entered a bazaar
 37707 | Bazaar   | Found Bithrock's Antique Armour Boutique.
 37723 | Bazaar   | Found Jipt's Book Shoppe.
 37739 | Bazaar   | Found Bigiyx's Gadget Shop.
 37751 | Bazaar   | Found Nagi's Distillery.
 37759 | Bazaar   | Bought a potion of heal wounds for 70 gold pieces
 37759 | Bazaar   | Bought a potion of mutation for 112 gold pieces
 37759 | Bazaar   | Bought a potion of mutation for 112 gold pieces
 37759 | Bazaar   | Gained mutation: You are dopey. (Int -2) [potion of
                  | mutation]
 37759 | Bazaar   | Gained mutation: You expend magic power (3 MP) to
                  | strengthen your wands. [potion of mutation]
 37760 | Bazaar   | Lost mutation: You expend magic power (3 MP) to strengthen
                  | your wands. [potion of mutation]
 37760 | Bazaar   | Lost mutation: You are dopey. (Int -2) [potion of mutation]
 37760 | Bazaar   | Gained mutation: You possess an exceptional clarity of
                  | mind. [potion of mutation]
 37763 | Bazaar   | Bought a potion of resistance for 140 gold pieces
 39062 | Vaults:1 | Reached skill level 5 in Shields
 39345 | Vaults:1 | Reached XP level 19. HP: 135/135 MP: 24/24
 39477 | Vaults:1 | Reached skill level 25 in Slings
 40522 | Vaults:2 | Found a runed gate.
 40522 | Vaults:2 | Found a runed gate.
 40522 | Vaults:2 | Found a runed gate.
 40541 | Vaults:2 | Noticed Aluorghie's ghost (adept MiFi)
 40594 | Vaults:2 | Found the +6 lightning scales {run, rElec}
 41152 | Vaults:2 | Reached skill level 26 in Slings
 41287 | Vaults:2 | Reached XP level 20. HP: 87/143 MP: 25/25
 41725 | Vaults:2 | Found a roughly hewn altar of Beogh.
 41855 | Vaults:1 | Killed Aluorghie's ghost
 42149 | Vaults:1 | Got a jewelled chain mail
 42160 | Vaults:1 | Identified the +0 chain mail of Bauw {Str-3 Int+3 Dex+3
                  | Slay+5} (You took it off an orc warlord on level 1 of the
                  | Vaults)
 42343 | Vaults:2 | Got a smoking iron ring
 42361 | Vaults:2 | Identified the ring "Conoarr" {+Fly Int+4} (You found it on
                  | level 2 of the Vaults)
 42492 | Vaults:3 | Found a flickering gateway to a bazaar.
 42500 | Bazaar   | Entered a bazaar
 42504 | Bazaar   | Found Reghuit's Weapon Boutique.
 42527 | Bazaar   | Found Hiekk's Jewellery Shoppe.
 42550 | Bazaar   | Found Penopuy's Assorted Antiques.
 42575 | Bazaar   | Found Koont's Antique Weapon Emporium.
 42647 | Bazaar   | Bought a pair of glowing boots for 225 gold pieces
 42657 | Bazaar   | Identified a +2 pair of boots of running (You bought it in
                  | a shop in a bazaar)
 42817 | Vaults:3 | Reached skill level 27 in Slings
 43458 | Vaults:3 | Found a staircase to the Crypt.
 43588 | Vaults:3 | Found an ornate altar of the Wu Jian Council.
 44663 | Vaults:4 | Found a ruined gateway.
 44775 | Desolati | Entered the Desolation of Salt
 45078 | Vaults:4 | Noticed Saint Roka
 45292 | Vaults:4 | Reached XP level 21. HP: 148/148 MP: 26/26
 46622 | Vaults:4 | Killed Saint Roka
 47683 | Elf:1    | Entered Level 1 of the Elven Halls
 48185 | Elf:3    | Entered Level 3 of the Elven Halls
 48203 | Elf:3    | Found a magical portal.
 48212 | WizLab   | Entered The Chambers of the Cloud Mage
 48391 | Elf:3    | Got a warped amber ring
 48427 | Elf:3    | Identified the ring of Alyhat {*Tele rPois rF+} (You found
                  | it on level 3 of the Elven Halls)
 48477 | Elf:3    | Reached XP level 22. HP: 155/155 MP: 28/28
 48622 | Elf:3    | Cast into level 3 of the Abyss (a deep elf demonologist)
 48633 | Abyss:4  | Found a corrupted altar of Lugonu.
 48724 | Elf:3    | Escaped the Abyss
 48849 | Elf:3    | HP: 7/156 [deep elf high priest/a malign offering (29)]
 48850 | Elf:3    | Killed from afar by a deep elf high priest

Skill      XL: |  1  2  3  4  5  6  7  8  9 10 11 12 13 14 15 16 17 18 19 20 21 |
---------------+----------------------------------------------------------------+-----
Slings         | 6 7 8 9 11 12 14 16 17 19 21 22 23 24 26 27 | 27.0
Fighting       | 2 3 4 5 6 7 8 9 10 11 12 13 14 | 14.8
Short Blades   | 1 |  1.7
Armour         | 1 3 6 8 |  8.1
Stealth        | 2 3 4 5 6 8 9 10 12 13 | 13.4
Dodging        | 3 4 5 6 7 9 10 11 12 13 14 15 16 19 21 | 21.2
Evocations     | 2 5 7 8 |  8.8
Shields        | 5 |  5.7

Action                   |  1- 3 |  4- 6 |  7- 9 | 10-12 | 13-15 | 16-18 | 19-21 | 22-24 || total
-------------------------+-------+-------+-------+-------+-------+-------+-------+-------++-------
Melee: Short sword       |    38 |       |       |       |       |       |       |       ||    38
       Dagger            |       |    74 |   391 |   644 |   534 |   236 |   276 |       ||  2155
 Fire: Hunting sling     |    63 |    83 |   272 |   507 |  1233 |  1686 |  2059 |   151 ||  6054
       Blowgun           |       |       |       |       |    49 |       |       |       ||    49
Throw: Tomahawk          |       |       |     8 |       |    28 |       |       |       ||    36
       Stone             |       |       |       |       |    25 |       |       |       ||    25
Evoke: Wand              |       |       |     1 |     1 |     4 |     8 |       |       ||    14
  Use: Scroll            |       |     5 |     7 |    13 |    22 |     9 |    14 |     1 ||    71
       Potion            |       |       |     3 |     3 |     3 |     3 |     8 |     1 ||    21
 Stab: Sleeping          |     1 |     1 |     2 |    28 |    13 |    18 |    18 |       ||    81
       Distracted        |       |     1 |       |     2 |       |     2 |       |       ||     5
  Eat: Chunk             |       |     4 |     9 |     6 |    16 |     2 |     6 |     1 ||    44
       Ration            |       |     1 |     2 |     6 |     6 |     9 |     5 |       ||    29
Armor: Ring mail         |    16 |    26 |    88 |     8 |       |       |       |       ||   138
       Leather armour    |     2 |       |       |       |       |       |       |       ||     2
       Skin              |       |       |     9 |       |       |       |       |       ||     9
       Troll leather arm |       |       |       |    75 |   106 |    51 |    71 |     9 ||   312
Dodge: Dodged            |    40 |    41 |   404 |   839 |  1132 |   695 |   988 |    59 ||  4198
       Deflected         |       |       |       |       |     1 |    55 |    26 |       ||    82
Block: Other             |       |       |       |       |       |    81 |       |       ||    81
       Reflection        |       |       |       |       |       |    31 |    43 |     1 ||    75
       Buckler           |       |       |       |       |       |   104 |   458 |    40 ||   602
